 Dungeon Crawl Stone Soup version 0.30.1-11-g7821555f0a (webtiles) character file.

Game seed: 15221475734987576502

78582 Condegh the Impaler (level 15, -1/121 HPs)
             Began as a Merfolk Gladiator on Dec 16, 2023.
             Was the Champion of Okawaru.
             Slain by a +0 vampiric glaive (8 damage)
             ... on level 1 of the Elven Halls.
             The game lasted 02:44:22 (23886 turns).

Condegh the Impaler (Merfolk Gladiator)            Turns: 23886, Time: 02:44:22

Health: -1/121     AC: 26    Str: 25    XL:     15   Next: 60%
Magic:  21/21      EV: 18    Int:  7    God:    Okawaru [******]
Gold:   1060       SH: 14    Dex: 15    Spells: 14/14 levels left

rFire   + + .        B - +2 trident (protect)
rCold   . . .        x - +2 buckler {rF+}
rNeg    . . .        U - +3 plate armour {rF+}
rPois   +            c - +0 helmet
rElec   .            p - +0 cloak
rCorr   .            Y - +0 pair of gloves of Okawaru's Inspiration {Will++ Str+2}
SInv    .            l - +1 pair of boots
Will    +++..        h - amulet of reflection Stlth
                     n - +5 ring of evasion
HPRegen 0.40/turn    O - ring of poison resistance
MPRegen 0.17/turn

%: reflection
@: under a protective aura
A: (nimble swimmer 2), mertail, deformed body
a: Renounce Religion, Heroism, Finesse, Duel


You were on level 1 of the Elven Halls.
You worshipped Okawaru.
Okawaru was exalted by your worship.
You visited 5 branches of the dungeon, and saw 21 of its levels.
You also visited: Volcano.

You collected 1867 gold pieces.
You spent 807 gold pieces at shops.

Inventory:

Hand Weapons
 a - a +1 vampiric trident
 B - a +2 trident of protection (weapon)
 D - the +3 trident of Premature Burial {heavy, rElec Int-2 Stlth+}
   (You found it on level 3 of the Lair of Beasts)

   Int:       It affects your intelligence (-2).
   rElec:     It insulates you from electricity.
   Stlth:     It makes you more stealthy.
Missiles
 e - 16 javelins (quivered)
 k - 3 silver boomerangs
 S - 6 silver javelins
Armour
 c - a +0 helmet (worn)
 l - a +1 pair of boots (worn)
 p - a +0 cloak (worn)
 x - a +2 buckler of fire resistance (worn)
 C - a +1 chain mail of cold resistance
 E - the +0 pair of fencer's gloves {Riposte Dex+3}
   (Okawaru gifted it to you in a volcano)

   Riposte:   It allows the wearer to riposte with melee weapons, swiftly
   retaliating against missed or blocked melee attacks.
   Dex:       It affects your dexterity (+3).
 U - a +3 plate armour of fire resistance (worn)
 Y - the +0 pair of gloves of Okawaru's Inspiration (worn) {Will++ Str+2}
   (Okawaru gifted it to you on level 12 of the Dungeon)

   Str:       It affects your strength (+2).
   Will:      It greatly increases your willpower.
Jewellery
 h - an amulet of reflection (around neck)
 n - a +5 ring of evasion (left hand)
 w - a ring of fire
 O - a ring of poison resistance (right hand)
 Q - a ring of positive energy
Wands
 s - a wand of roots (11)
 A - a wand of digging (4)
Scrolls
 g - a scroll of silence
 i - 11 scrolls of teleportation
 t - 5 scrolls of blinking
 z - 3 scrolls of fear
 I - 2 scrolls of fog
 R - a scroll of magic mapping
 T - 2 scrolls of identify
Potions
 m - 2 potions of ambrosia
 o - 8 potions of heal wounds
 v - 3 potions of haste
 F - 3 potions of might
 L - 3 potions of brilliance
 V - 6 potions of curing
 W - a potion of resistance


   Skills:
 + Level 12.2 Fighting
 - Level 18.0 Polearms
 - Level 2.0 Throwing
 + Level 10.3 Armour
 + Level 13.5 Dodging
 + Level 11.7 Shields
 - Level 8.0 Invocations


You had 14 spell levels left.
You didn't know any spells.
Your spell library contained the following spells:

 Spells                   Type           Power      Damage    Failure   Level
 Slow                     Hex            0%         N/A       99%         1
 Blink                    Tloc           0%         N/A       100%        2
 Ensorcelled Hibernation  Hex/Ice        0%         N/A       100%        2
 Passwall                 Tmut/Erth      0%         N/A       100%        2
 Poisonous Vapours        Pois/Air       0%         N/A       100%        2
 Confusing Touch          Hex            0%         N/A       100%        3
 Mephitic Cloud           Conj/Pois/Air  0%         N/A       100%        3
 Portal Projectile        Hex/Tloc       0%         N/A       100%        3
 Swiftness                Air            0%         N/A       100%        3
 Vampiric Draining        Necr           0%         2d6       100%        3
 Manifold Assault         Tloc           0%         N/A       100%        4
 Blade Hands              Tmut           0%         N/A       100%        5
 Freezing Cloud           Conj/Ice/Air   0%         6-21      100%        5
 Conjure Ball Lightning   Conj/Air       0%         3x3d6     100%        6
 Storm Form               Tmut/Air       0%         N/A       100%        7
 Discord                  Hex            0%         N/A       100%        8
 Disjunction              Tloc           0%         N/A       100%        8
 Tukima's Dance           Hex            Unusable   N/A       N/A         3

Dungeon Overview and Level Annotations

Branches:
Dungeon (12/15)            Temple (1/1) D:4            Lair (5/5) D:8
  Swamp (0/4) Lair:3       Spider (0/4) Lair:3        Slime (0/5) Lair:4
    Orc (2/2) D:9             Elf (1/3) Orc:2       Volcano (visited)

Altars:
Cheibriados
Dithmenos
Fedhas
Gozag
Kikubaaqudgha
Nemelex Xobeh
Okawaru
Qazlal
Xom
Yredelemnul
Zin
Jiyva

Shops:
D:8 ?(   Orc:1 **   Orc:2 *[*:

Portals:
Pandemonium: Orc:2

Annotations:
D:5 2 runed translucent doors, bimbombam's ghost, novice OpTm
D:11 3 runed translucent doors, exclusion: orange crystal statue


Innate Abilities, Weirdness & Mutations

((You are very nimble when in or above water. (Stealth+, EV+, Speed+++)))
Your lower body shifts to a powerful aquatic tail in water.
Armour fits poorly on your strangely shaped body.


Message History

You block the +0 vampiric glaive's attack.
You hit the +0 vampiric glaive.
The +0 vampiric glaive is heavily damaged.
You hear the faint crackling of a very distant melting archway.
The +0 vampiric glaive hits you but does no damage.
You puncture the +0 vampiric glaive!
The +0 vampiric glaive is severely damaged.
The deep elf zephyrmancer points at you and mumbles some strange words.
The bolt of lightning hits the +0 vampiric glaive.
The +0 vampiric glaive completely resists.
The bolt of lightning hits you!!
* * * LOW HITPOINT WARNING * * *
The +0 vampiric glaive hits you!
* * * LOW HITPOINT WARNING * * *
The +0 vampiric glaive draws strength from your wounds!
You puncture the +0 vampiric glaive!
The +0 vampiric glaive is severely damaged.
You hit the +0 vampiric glaive.
The +0 vampiric glaive is severely damaged.
You block the +0 vampiric glaive's attack.
You hit the +0 vampiric glaive but do no damage.
The +0 vampiric glaive is severely damaged.
The +0 vampiric glaive hits you!
* * * LOW HITPOINT WARNING * * *
The +0 vampiric glaive draws strength from your wounds!
You closely miss the +0 vampiric glaive.
The +0 vampiric glaive is heavily damaged.
The +0 vampiric glaive hits you but does no damage.
You hit the +0 vampiric glaive but do no damage.
The +0 vampiric glaive is heavily damaged.
You puncture the +0 vampiric glaive!
The +0 vampiric glaive is almost destroyed.
The +0 vampiric glaive hits you but does no damage.
The deep elf zephyrmancer casts a spell.
The deep elf zephyrmancer blinks!
You closely miss the +0 vampiric glaive.
The +0 vampiric glaive is almost destroyed.
You block the +0 vampiric glaive's attack.
The +0 vampiric glaive hits you from afar!
You die...

,* *,,* ,*
#########+#
**
#.........#
*
#e.*...#..#
*
#.###.###.#
#..#...#..#
#)........#
#'#########
#ยง(.@.)..<#
###########


You could see a deep elf zephyrmancer and a +0 vampiric glaive.

Vanquished Creatures
  Gastronok (Lair:1)
  An orc warlord (Orc:2)
  A catoblepas (Lair:4)
  A centaur warrior (D:11)
  4 hydras
  3 demonspawn (Orc:2)
  5 two-headed ogres
  3 death yaks
  7 orc high priests (Orc:2)
  A hell knight (Volcano)
  Sonja (Orc:1)
  2 skysharks
  A soul eater (Orc:2)
  A goliath frog (Lair:5)
  A salamander mystic (Volcano)
  A swamp dragon (Lair:2)
  4 orc knights (Orc:2)
  2 deep elf zephyrmancers (Elf:1)
  4 deep elf pyromancers
  A cyclops (D:11)
  A manticore (D:12)
  4 salamanders
  4 orc sorcerers (Orc:2)
  11 elephants
  6 black mambas
  A rust devil (Orc:2)
  A torpor snail (Lair:2)
  An orange demon (Orc:2)
  26 cane toads
  2 kobold demonologists (D:9)
  4 rime drakes
  A yaktaur (D:12)
  8 komodo dragons
  10 trolls
  A polar bear (Lair:1)
  3 tyrant leeches
  A hornet (D:10)
  Grinder (D:4)
  5 dream sheep (Lair:4)
  22 blink frogs
  6 slime creatures
  A centaur simulacrum (D:12)
  Sigmund (D:3)
  A vampire (D:11)
  Eustachio (D:4)
  2 wraiths (D:12)
  68 yaks
  3 wyverns
  2 basilisks
  3 steam dragons
  2 fire elementals (Lair:3)
  A redback (Lair:3)
  7 vampire mosquitoes
  4 swamp worms (Lair:3)
  A warg (Orc:1)
  Duvessa (D:6)
  2 hell hounds (Lair:2)
  17 water moccasins
  22 orc warriors
  A black bear (D:7)
  2 ice beasts
  5 ogres
  3 wolves (Lair:4)
  6 centaurs
  A phantom (D:7)
  Blork the orc (D:4)
  20 bullfrogs
  2 kobold brigands
  A gnoll sergeant (D:7)
  2 scorpions
  Dowan (D:6)
  10 killer bees
  8 electric eels
  9 howler monkeys
  8 jellies
  26 orc priests
  A hound (D:7)
  2 sleepcaps
  4 iguanas
  14 orc wizards
  7 hell rats
  11 gnolls
  6 adders
  A river rat (D:8)
  2 shadow imps
  A white imp (D:5)
  An ufetubus (D:5)
  2 worms (D:5)
  6 dart slugs
  68 orcs
  9 endoplasms
  7 giant cockroaches
  7 goblins
  13 hobgoblins
  10 jackals
  8 quokkas
  6 ball pythons
  5 frilled lizards
  22 kobolds
  6 rats
628 creatures vanquished.

Vanquished Creatures (others)
  A human (D:5)
  2 adders (D:6)
  A white imp (D:6)
4 creatures vanquished.

Grand Total: 632 creatures vanquished

Notes
Turn   | Place    | Note
-------+----------+-------------------------------------------
     0 | D:1      | Condegh the Merfolk Gladiator began the quest for the Orb.
     0 | D:1      | Reached XP level 1. HP: 16/16 MP: 1/1
   129 | D:1      | Reached XP level 2. HP: 23/23 MP: 2/2
   356 | D:1      | Reached XP level 3. HP: 26/28 MP: 3/3
   540 | D:1      | Reached skill level 1 in Armour
  1060 | D:2      | Reached XP level 4. HP: 35/35 MP: 4/4
  1263 | D:2      | Reached skill level 5 in Polearms
  1644 | D:2      | Identified the +1 flail of Beloved Indomitability {protect,
                  | rPois Will++ Str+2}
  1711 | D:3      | Reached XP level 5. HP: 31/42 MP: 5/5
  1872 | D:3      | Noticed Sigmund
  2003 | D:3      | Reached skill level 6 in Polearms
  2011 | D:3      | Reached XP level 6. HP: 47/48 MP: 6/6
  2369 | D:4      | Noticed Eustachio
  2414 | D:3      | Killed Sigmund
  2415 | D:3      | Reached skill level 7 in Polearms
  2415 | D:3      | Reached XP level 7. HP: 53/54 MP: 7/7
  2490 | D:4      | Noticed Grinder
  2491 | D:4      | Paralysed by Grinder for 2 turns
  2523 | D:4      | Killed Grinder
  2714 | D:4      | Found a staircase to the Ecumenical Temple.
  2722 | Temple   | Entered the Ecumenical Temple
  2871 | Temple   | Became a worshipper of Warmaster Okawaru
  2974 | D:4      | Killed Eustachio
  2975 | D:4      | Reached skill level 8 in Polearms
  2975 | D:4      | Reached skill level 5 in Dodging
  2975 | D:4      | Reached XP level 8. HP: 61/61 MP: 8/8
  3185 | D:4      | Noticed Blork the orc
  3199 | D:4      | Killed Blork the orc
  3200 | D:4      | Reached skill level 5 in Fighting
  3457 | D:5      | Entered Level 5 of the Dungeon
  3585 | D:5      | Found a large runed translucent door.
  3585 | D:5      | Found a large runed translucent door.
  3587 | D:5      | Noticed bimbombam's ghost (novice OpTm)
  3592 | D:5      | Reached * piety under Okawaru
  3593 | D:5      | Reached skill level 1 in Invocations
  3658 | D:5      | Reached skill level 1 in Shields
  3792 | D:5      | Found an ancient bone altar of Kikubaaqudgha.
  3975 | D:5      | Found a sparkling altar of Nemelex Xobeh.
  4394 | D:6      | Noticed Dowan
  4406 | D:6      | Noticed Duvessa
  4431 | D:6      | Killed Duvessa
  4431 | D:6      | Reached ** piety under Okawaru
  4432 | D:6      | Reached skill level 9 in Polearms
  4454 | D:6      | Killed Dowan
  4526 | D:6      | Reached XP level 9. HP: 60/68 MP: 11/11
  5248 | D:7      | Reached *** piety under Okawaru
  5277 | D:7      | Reached skill level 5 in Armour
  5292 | D:7      | Reached skill level 10 in Polearms
  5633 | D:7      | Reached **** piety under Okawaru
  5634 | D:7      | Reached skill level 5 in Shields
  5634 | D:7      | Reached XP level 10. HP: 55/76 MP: 13/13
  5891 | D:7      | Reached skill level 11 in Polearms
  6363 | D:8      | Noticed a death yak
  6398 | D:8      | Killed a death yak
  6536 | D:8      | Found a staircase to the Lair.
  6536 | D:8      | Noticed a death yak
  6536 | D:8      | Noticed a death yak
  6585 | D:7      | Killed a death yak
  6756 | D:7      | Killed a death yak
  6756 | D:7      | Reached ***** piety under Okawaru
  6757 | D:7      | Reached skill level 5 in Invocations
  6953 | D:8      | Found Xicatex's Magic Scroll Shop.
  6962 | D:8      | Bought a scroll of teleportation for 42 gold pieces
  7157 | D:8      | Identified the +1 robe of Mirth {Slay+3 Stlth+}
  7301 | D:8      | Found Fuopet's Weapon Boutique.
  7433 | D:8      | Reached XP level 11. HP: 77/83 MP: 14/14
  7702 | D:9      | Reached skill level 12 in Polearms
  7765 | D:9      | Found a staircase to the Orcish Mines.
  7799 | D:9      | Noticed a two-headed ogre
  7847 | Lair:1   | Entered Level 1 of the Lair of Beasts
  7884 | Lair:1   | Noticed Gastronok
  7907 | D:8      | Received a gift from Okawaru
  7997 | D:8      | Reached skill level 13 in Polearms
  8062 | Lair:1   | Killed Gastronok
  8232 | Lair:1   | Reached skill level 14 in Polearms
  9255 | Lair:2   | Reached XP level 12. HP: 85/91 MP: 16/16
  9266 | Lair:2   | Identified the +2 long sword of Causality {drain, Dex+6}
  9312 | Lair:2   | Received a gift from Okawaru
  9375 | Lair:2   | Reached ****** piety under Okawaru
  9454 | Lair:2   | Found a dark tunnel.
  9513 | Volcano  | Entered a volcano
  9564 | Volcano  | Found a burning altar of Makhleb.
  9565 | Volcano  | Noticed a hell knight
  9587 | Volcano  | Received a gift from Okawaru
  9587 | Volcano  | Found the +0 pair of fencer's gloves {Riposte Dex+3}
  9777 | Volcano  | Killed a hell knight
  9778 | Volcano  | Reached skill level 15 in Polearms
 10846 | Lair:3   | Noticed a five-headed hydra
 10862 | Lair:3   | Killed a five-headed hydra
 10981 | Lair:3   | Identified the +3 trident of Premature Burial {heavy, rElec
                  | Int-2 Stlth+}
 11282 | Lair:3   | Noticed a skyshark
 11300 | Lair:3   | Killed a skyshark
 11301 | Lair:3   | Reached XP level 13. HP: 23/99 MP: 16/19
 11877 | Lair:3   | Found a hole to the Spider Nest.
 12000 | Lair:3   | Received a gift from Okawaru
 12302 | Lair:3   | Found a staircase to the Swamp.
 12645 | Lair:4   | Reached skill level 16 in Polearms
 12731 | Lair:4   | Found a viscous altar of Jiyva.
 12731 | Lair:4   | Found a staircase to the Slime Pits.
 13086 | Lair:4   | Received a gift from Okawaru
 13119 | Lair:4   | Reached skill level 10 in Dodging
 13186 | Lair:4   | Identified the +1 cloak of Honour {Rampage *Corrode rElec
                  | rN+++} (Okawaru gifted it to you on level 4 of the Lair of
                  | Beasts)
 13186 | Lair:4   | Received a gift from Okawaru
 13685 | Lair:5   | Entered Level 5 of the Lair of Beasts
 14479 | Lair:4   | Reached skill level 10 in Fighting
 14498 | Lair:4   | Reached XP level 14. HP: 97/110 MP: 20/20
 14958 | Lair:5   | Reached skill level 10 in Shields
 15296 | Lair:5   | Received a gift from Okawaru
 15364 | Lair:5   | Reached skill level 17 in Polearms
 17076 | Orc:1    | Entered Level 1 of the Orcish Mines
 17477 | Orc:2    | Entered Level 2 of the Orcish Mines
 17741 | Orc:1    | Noticed Sonja
 17786 | Orc:1    | Killed Sonja
 17923 | Orc:1    | Found Nydeloicu's Specific Store.
 17924 | Orc:1    | Found Zongits's General Store.
 17931 | Orc:1    | Bought a +3 plate armour of fire resistance for 675 gold
                  | pieces
 17931 | Orc:1    | Bought a potion of curing for 45 gold pieces
 17931 | Orc:1    | Bought a potion of curing for 45 gold pieces
 18171 | Orc:2    | Found Jagap's General Store.
 18172 | Orc:2    | Found Xusex's General Store.
 18922 | Orc:2    | Found a staircase to the Elven Halls.
 18962 | Orc:2    | Noticed an orc warlord
 19009 | Orc:2    | Killed an orc warlord
 19566 | Orc:2    | Gained mutation: Armour fits poorly on your strangely
                  | shaped body. [a neqoxec]
 19725 | Orc:2    | Reached XP level 15. HP: 98/119 MP: 21/21
 19845 | Orc:2    | Paralysed by an orc sorcerer for 5 turns
 20400 | Orc:2    | Received a gift from Okawaru
 20523 | Orc:2    | Found Roumeupn's Antique Armour Boutique.
 20523 | Orc:2    | Found Wasecapo's Book Shop.
 20524 | Orc:2    | Found a one-way gate leading to the halls of Pandemonium.
 20648 | D:10     | Entered Level 10 of the Dungeon
 20843 | D:10     | Identified a scroll of acquirement
 21693 | D:11     | Reached skill level 18 in Polearms
 21700 | D:11     | Reached skill level 10 in Armour
 21964 | D:11     | Found a runed translucent door.
 21979 | D:11     | Found a runed translucent door.
 22006 | D:11     | Found a runed translucent door.
 22096 | D:11     | Identified the +0 robe of Parlour Games {rF+ Dex+4}
 22137 | D:11     | Found a runed translucent door.
 22628 | D:12     | Identified the +0 pair of gloves of Okawaru's Inspiration
                  | {Will++ Str+2} (Okawaru gifted it to you on level 12 of the
                  | Dungeon)
 22628 | D:12     | Received a gift from Okawaru
 23605 | Elf:1    | Entered Level 1 of the Elven Halls
 23881 | Elf:1    | HP: 6/121 [+0 vampiric glaive (14)]
 23886 | Elf:1    | Slain by a +0 vampiric glaive

Illustrated notes

Levels and vault maps discovered:
D:1:      tekkud_arrival_beachfront_property, layout_basic
D:2:      layout_loops_ring
D:3:      layout_basic, uniq_sigmund
D:4:      layout_cave_pools, minmay_temple_entry_butterflies,
          serial_column_ruins, column_ruins_grid_1, column_ruins_open_small,
          column_ruins_open_small, column_ruins_columns_straight,
          column_ruins_open_small, kennysheep_nondescript, uniq_eustachio,
          uniq_grinder, uniq_blork_the_orc
D:5:      layout_rooms, tgw_kikubaaqudgha, nemelex_spade_bored_becter,
          ebering_ghost_disaster_area
D:6:      layout_loops_cross, uniq_duvessa
D:7:      layout_loops_ring
D:8:      layout_loops_ring, dpeg_lair_monsters, serial_shops, shop, shop,
          kennysheep_donut, minmay_statues_item
D:9:      layout_basic, orc_0_dummy
D:10:     layout_basic
D:11:     layout_basic, minmay_statue_crystal_thing
D:12:     hangedman_cross_stitches, layout_loops_corners
Temple:   mainiacjoe_temple_cubbyholes
Lair:1:   layout_regular_city, guppyfry_lair_drakes, uniq_gastronok
Lair:2:   layout_chaotic_city, enter_volcano_3, hibernation_bobbens,
          infiniplex_staircase_pool_2, serial_bayou_shore_a
Lair:3:   layout_gridlike, palyth_hydra_swamp_entry, spider_nest_entry_webs
Lair:4:   layout_hall_layers, nicolae_slime_entry_slimehenge,
          serial_bayou_shore_b
Lair:5:   minmay_lair_end_frog_pond, layout_misc_corridors
Orc:1:    layout_caves, nicolae_specific_store, uniq_sonja
Orc:2:    pf_orc_diabolical, layout_caves
Elf:1:    eino_elf_arrival_customs, layout_geoelf_grid, serial_shops,
          nicolae_shop_bloodbath_and_beyond, portal_ice_cave_entry_pillars_four,
          hangedman_elf_represent, grunt_megastairs_3, lemuel_upstairs_altar,
          minmay_shop_grove

Skill      XL: |  1  2  3  4  5  6  7  8  9 10 11 12 13 14 15 |
---------------+----------------------------------------------+-----
Armour         | 1 2 3 4 5 6 7 8 9 10 | 10.3
Fighting       | 3 4 5 6 7 8 10 11 12 | 12.2
Polearms       | 5 6 7 8 9 10 11 14 15 16 17 18 | 18.0
Dodging        | 5 6 7 8 10 12 13 | 13.5
Invocations    | 3 4 5 6 8 |  8.0
Shields        | 2 5 6 7 8 9 10 11 | 11.7
Throwing       | |  2.0

Action                     |  1- 3 |  4- 6 |  7- 9 | 10-12 | 13-15 || total
---------------------------+-------+-------+-------+-------+-------++-------
  Melee: Trident           |   117 |   163 |   536 |  1058 |  2151 ||  4025
         Punch             |     1 |     3 |     1 |       |       ||     5
         Tailslap          |       |       |       |     3 |     4 ||     7
 Invoke: Heroism           |       |       |       |     8 |     9 ||    17
  Evoke: Wand              |       |       |       |       |     3 ||     3
    Use: Scroll            |     3 |     2 |     7 |     7 |     8 ||    27
         Potion            |       |     1 |     1 |     7 |     1 ||    10
   Stab: Petrified         |       |       |       |       |     9 ||     9
         Petrifying        |       |       |       |       |     2 ||     2
 Armour: Scale mail        |    13 |       |       |       |       ||    13
         Chain mail        |    48 |    62 |    76 |   164 |   181 ||   531
         Plate armour      |       |       |       |       |   200 ||   200
  Dodge: Dodged            |    47 |    90 |   191 |   322 |   767 ||  1417
  Block: Other             |       |    41 |    15 |       |       ||    56
         Reflection        |       |     2 |     6 |    10 |    28 ||    46
         Buckler           |       |       |   159 |   428 |   961 ||  1548
Riposte: Trident           |       |       |       |    50 |   484 ||   534
